 Dungeon Sprint DCSS version 0.28.0-43-g3370ac3207 (webtiles) character file.

Game seed: 7553782726105150313

12821 boopmooplesden the Executioner (level 11, 0/166 HPs)
             Began as a Minotaur Berserker on Mar 15, 2022.
             Was the Champion of Trog.
             Slain by a 13-headed hydra (8 damage)
             ... while paralysed by a floating eye
             ... in the Dungeon (Sprint I: "Red Sonja").
             The game lasted 00:06:58 (2212 turns).

boopmooplesden the Executioner (Minotaur Berserker) Turns: 2212, Time: 00:06:59

Health: 0/166      AC: 19    Str: 20    XL:     11   Next: 67%
Magic:  2/2        EV:  2    Int:  2    God:    Trog [******]
Gold:   662        SH:  0    Dex:  8    Spells: 10/10 levels left

rFire   . . .      SeeInvis +   l - +9 executioner's axe of Fortitude {antimagic, Drain Will+ rCorr}
rCold   . . .      Faith    .   (shield currently unavailable)
rNeg    . . .      Spirit   .   t - +1 plate armour {Will+}
rPois   .          Reflect  .   s - +2 hat
rElec   +          Harm     .   r - scarf {+Inv}
rCorr   +          Rampage  .   (no gloves)
Will    ++...      Rage     1%  q - +2 pair of boots
Stlth   .......... NoTele   +   (no amulet)
HPRegen 0.00/turn               d - ring "Isoexomp" {rElec rCorr EV+4 Int-4 SInv}
MPRegen 0.08/turn               (no ring)

@: paralysed, berserking (expiring), inhibited regen, unable to read
A: horns 2, retaliatory headbutt, berserk 1, clumsy 2, deformed body,
deterioration 1, frail 1, low MP 1, inhibited regeneration, weak 1, inability to
read while threatened
a: Renounce Religion, Evoke Invisibility, Berserk, Trog's Hand, Brothers in Arms


You were in the Dungeon.
You worshipped Trog.
Trog was exalted by your worship.
You visited 1 branch You collected 2195 gold pieces.
You spent 1533 gold pieces at shops.

Inventory:

Hand Weapons
 a - a +0 hand axe
 l - the +9 executioner's axe of Fortitude (weapon) {antimagic, Drain Will+ rCorr}
   (Trog gifted it to you in the Dungeon)

   It reduces the magical energy of the wielder, and disrupts the spells and
   magical abilities of those it strikes.
   Natural abilities and divine invocations are not affected.
   rCorr:     It protects you from acid and corrosion.
   Drain:     It drains your maximum health when unequipped.
   Will:      It increases your willpower.
 m - a +5 vorpal battleaxe
 p - a +3 antimagic war axe
Armour
 q - a +2 pair of boots (worn)
 r - a scarf of invisibility (worn)
 s - a +2 hat (worn)
 t - a +1 plate armour of willpower (worn)
Jewellery
 d - the ring "Isoexomp" (left hand) {rElec rCorr EV+4 Int-4 SInv}
   (You bought it in a shop in the Dungeon)

   [ring of evasion]

   EV:        It affects your evasion (+4).
   Int:       It affects your intelligence (-4).
   rElec:     It insulates you from electricity.
   SInv:      It lets you see invisible.
   rCorr:     It protects you from acid and corrosion.
Wands
 b - a wand of paralysis (6)
 i - a wand of polymorph (8)
 n - a wand of acid (6)
Scrolls
 h - 3 scrolls of blinking
 k - a scroll of fog {unknown}
Potions
 c - a potion of lignification {unknown}
 e - a potion of haste
 f - 2 potions of magic
 g - a potion of berserk rage
 j - 2 potions of curing
 o - 2 potions of cancellation {unknown}


   Skills:
 + Level 19.9 Fighting
 + Level 21.3 Axes
 + Level 17.2 Armour
 + Level 8.6 Dodging
 + Level 1.8 Stealth


You had 10 spell levels left.
You didn't know any spells.
Your spell library was empty.

Dungeon Overview and Level Annotations

Branches:
Dungeon (1/1)

Altars:
Cheibriados
Dithmenos
Elyvilon
Fedhas
Gozag
Hepliaklqana
Kikubaaqudgha
Makhleb
Nemelex Xobeh
Okawaru
Qazlal
Ru
Sif Muna
Trog
Uskayaw
Vehumet
Wu Jian
Xom
Yredelemnul
Zin
The Shining One
Jiyva
Lugonu

Shops:
D ?!*=(([(*[*[*[(:=*[[[


Innate Abilities, Weirdness & Mutations

You have a pair of horns on your head.
You reflexively headbutt those who attack you in melee.
You tend to lose your temper in combat.
You are very clumsy. (Dex -4)
Armour fits poorly on your strangely shaped body.
Your body sometimes deteriorates upon taking damage.
You are frail. (-10% HP)
Your magical capacity is low. (-10% MP)
You do not regenerate when monsters are visible.
You are weak. (Str -2)
You sometimes lose the ability to read scrolls when taking damage.


Message History

The 13-headed hydra bites you but does no damage. x3
The 13-headed hydra bites you!
The 13-headed hydra bites you but does no damage.
The 13-headed hydra bites you. The 13-headed hydra bites you!
The 13-headed hydra bites you.
The 13-headed hydra bites you but does no damage.
The 13-headed hydra bites you! The 13-headed hydra bites you.
The 13-headed hydra bites you!
The 13-headed hydra bites you but does no damage.
The 13-headed hydra bites you.
The 13-headed hydra bites you but does no damage. x3
The 13-headed hydra bites you. x2; The 13-headed hydra bites you!
The 13-headed hydra bites you but does no damage.
The 13-headed hydra bites you.
The 13-headed hydra bites you but does no damage.
The floating eye seems to glare at you.
The 13-headed hydra bites you. x2; The 13-headed hydra bites you!
The 13-headed hydra bites you but does no damage.
The 13-headed hydra bites you! x2
* * * LOW HITPOINT WARNING * * *
The 13-headed hydra bites you.
* * * LOW HITPOINT WARNING * * *
The 13-headed hydra bites you but does no damage. x2
The 13-headed hydra bites you.
* * * LOW HITPOINT WARNING * * *
The 13-headed hydra bites you.
* * * LOW HITPOINT WARNING * * *
The 13-headed hydra bites you but does no damage. x2
The 13-headed hydra bites you but does no damage.
The 13-headed hydra bites you.
* * * LOW HITPOINT WARNING * * *
The 13-headed hydra bites you but does no damage.
The 13-headed hydra bites you!
You feel threatened and lose the ability to read scrolls!
* * * LOW HITPOINT WARNING * * *
The 13-headed hydra bites you but does no damage.
The 13-headed hydra bites you!
* * * LOW HITPOINT WARNING * * *
The 13-headed hydra bites you!
You die...

#####################
..#(.#.§.)§.§§§§@DG$#
)†##'#§####.§§§§##$.+
..).§#§# ##§§§## ##
###..'.# ###+#
.##'#### .#...°○#
.#.○.○°+ '###...#
§'§#...#


You could see a 13-headed hydra and a floating eye (charged).

Vanquished Creatures
  2 centaur warriors (D)
  Sonja (D)
  A deep troll (D)
  A lindwurm (D)
  An oklob plant (D)
  8 shining eyes (D)
  A gargoyle (D)
  2 unseen horrors (D)
  2 kobold demonologists (D)
  4 demonic crawlers (D)
  A hornet (D)
  A slime creature (D)
  Sigmund (D)
  A yak (D)
  13 hogs (D)
  2 redbacks (D)
  6 floating eyes (D)
  7 necrophages (D)
  An ogre (D)
  8 jellies (D)
  Ijyb (D)
  A ballistomycete spore (D)
66 creatures vanquished.

Vanquished Creatures (others)
  A ballistomycete spore (D)
1 creature vanquished.

Grand Total: 67 creatures vanquished

Notes
Turn   | Place    | Note
-------+----------+-------------------------------------------
     0 | D        | boopmooplesden the Minotaur Berserker began the quest for
                  | the Orb.
     0 | D        | Reached XP level 1. HP: 19/19 MP: 0/0
     1 | D        | Noticed Ijyb
     5 | D        | Killed Ijyb
     6 | D        | Reached skill level 5 in Fighting
     6 | D        | Reached skill level 5 in Axes
     6 | D        | Reached XP level 2. HP: 29/29 MP: 1/1
    53 | D        | Noticed an ogre
    56 | D        | Killed an ogre
    57 | D        | Reached skill level 7 in Axes
    57 | D        | Reached XP level 3. HP: 40/40 MP: 2/2
    57 | D        | Reached XP level 4. HP: 48/48 MP: 3/3
   121 | D        | Noticed Sigmund
   133 | D        | Killed Sigmund
   133 | D        | Reached ** piety under Trog
   134 | D        | Reached skill level 10 in Fighting
   134 | D        | Reached skill level 10 in Axes
   134 | D        | Reached skill level 5 in Armour
   134 | D        | Reached skill level 5 in Dodging
   134 | D        | Reached XP level 5. HP: 47/58 MP: 4/4
   134 | D        | Reached XP level 6. HP: 53/66 MP: 5/5
   186 | D        | Found a burning altar of Makhleb.
   186 | D        | Found a viscous altar of Jiyva.
   186 | D        | Found a shimmering altar of Xom.
   186 | D        | Found a corrupted altar of Lugonu.
   186 | D        | Noticed a slime creature
   192 | D        | Killed a slime creature
   193 | D        | Reached skill level 11 in Axes
   220 | D        | Noticed a kobold demonologist
   220 | D        | Noticed a floating eye
   222 | D        | Noticed a kobold demonologist
   223 | D        | Noticed a sixfirhy
   225 | D        | Paralysed by a floating eye for 3 turns
   229 | D        | Noticed a ynoxinul
   229 | D        | Killed a floating eye
   230 | D        | Reached skill level 12 in Axes
   230 | D        | Reached XP level 7. HP: 61/75 MP: 6/6
   231 | D        | Killed a kobold demonologist
   231 | D        | Reached *** piety under Trog
   232 | D        | Reached skill level 13 in Axes
   232 | D        | Noticed an orange demon
   235 | D        | Killed a kobold demonologist
   236 | D        | Reached XP level 8. HP: 37/86 MP: 7/7
   535 | D        | Found an ornate altar of the Wu Jian Council.
   535 | D        | Found a shimmering blue altar of Sif Muna.
   537 | D        | Found a radiant altar of Vehumet.
   565 | D        | Found Kedalahi's Jewellery Emporium.
   565 | D        | Found an ancient bone altar of Kikubaaqudgha.
   565 | D        | Found a hazy altar of Hepliaklqana.
   565 | D        | Found a hide-covered altar of Uskayaw.
   565 | D        | Found a basalt altar of Yredelemnul.
   565 | D        | Found an opulent altar of Gozag.
   565 | D        | Found a snail-covered altar of Cheibriados.
   565 | D        | Found a sacrificial altar of Ru.
   565 | D        | Found a shadowy altar of Dithmenos.
   578 | D        | Reached **** piety under Trog
   579 | D        | Reached skill level 14 in Axes
   579 | D        | Found a stormy altar of Qazlal.
   579 | D        | Found a blossoming altar of Fedhas.
   579 | D        | Found a bloodstained altar of Trog.
   579 | D        | Found an iron altar of Okawaru.
   579 | D        | Found a glowing golden altar of the Shining One.
   579 | D        | Found a glowing silver altar of Zin.
   579 | D        | Found a white marble altar of Elyvilon.
   580 | D        | Found a sparkling altar of Nemelex Xobeh.
   594 | D        | Noticed a centaur warrior
   595 | D        | Noticed a centaur warrior
   603 | D        | Killed a centaur warrior
   604 | D        | Reached skill level 15 in Axes
   610 | D        | Killed a centaur warrior
   611 | D        | Reached skill level 15 in Fighting
   611 | D        | Reached skill level 10 in Armour
   611 | D        | Reached XP level 9. HP: 31/97 MP: 8/8
   918 | D        | Noticed a deep troll
   927 | D        | Killed a deep troll
   928 | D        | Reached skill level 16 in Axes
   939 | D        | Found Zunlyu's Armour Emporium.
  1070 | D        | Noticed an oklob plant
  1078 | D        | Killed an oklob plant
  1108 | D        | Reached ***** piety under Trog
  1108 | D        | HP: 5/101 [redback (1)]
  1113 | D        | Reached skill level 17 in Axes
  1489 | D        | Bought the ring "Isoexomp" {rElec rCorr EV+4 Int-4 SInv}
                  | for 616 gold pieces
  1513 | D        | Noticed an unseen horror
  1514 | D        | Noticed an unseen horror
  1521 | D        | Killed an unseen horror
  1521 | D        | Killed an unseen horror
  1522 | D        | Reached XP level 10. HP: 110/110 MP: 9/9
  1566 | D        | Reached ****** piety under Trog
  1618 | D        | Received a gift from Trog
  1638 | D        | Received a gift from Trog
  1647 | D        | Identified the +0 robe "Qeilul" {Will+ Int+5 Stlth+}
  1671 | D        | Found Nauc Mih's General Store.
  1671 | D        | Found Koet's Antique Armour Emporium.
  1671 | D        | Found Nuell's Antique Armour Emporium.
  1673 | D        | Found Derukyu's Jewellery Boutique.
  1673 | D        | Found Plog's Book Shoppe.
  1673 | D        | Found Qylal's Weapon Shop.
  1673 | D        | Found Dierphithy's Armour Emporium.
  1673 | D        | Found Doul's Assorted Antiques.
  1673 | D        | Found Bebej's Antique Armour Shoppe.
  1673 | D        | Found Xairch's Assorted Antiques.
  1675 | D        | Bought a pair of runed boots for 172 gold pieces
  1675 | D        | Bought a glowing scarf for 184 gold pieces
  1686 | D        | Found Cuzi's Armour Emporium.
  1687 | D        | Found Lusch's Assorted Antiques.
  1687 | D        | Found Doasischi's Antique Weapon Shoppe.
  1688 | D        | Found Vezeom's Antique Armour Shop.
  1694 | D        | Bought a +2 hat for 176 gold pieces
  1699 | D        | Bought a +1 plate armour of willpower for 385 gold pieces
  1756 | D        | Noticed Sonja
  1779 | D        | Killed Sonja
  1780 | D        | Reached skill level 1 in Stealth
  2020 | D        | Found Feowk's Magic Scroll Boutique.
  2029 | D        | Noticed a shining eye
  2029 | D        | Noticed a shining eye
  2029 | D        | Noticed a shining eye
  2030 | D        | Gained mutation: You sometimes lose the ability to read
                  | scrolls when taking damage. [a shining eye]
  2031 | D        | Gained mutation: You are weak. (Str -2) [a shining eye]
  2032 | D        | Noticed a shining eye
  2032 | D        | Noticed a shining eye
  2032 | D        | Noticed a shining eye
  2032 | D        | Paralysed by a floating eye for 4 turns
  2032 | D        | Gained mutation: Your magical capacity is low. (-10% MP) [a
                  | shining eye]
  2036 | D        | Gained mutation: You are frail. (-10% HP) [a shining eye]
  2036 | D        | Gained mutation: You tend to lose your temper in combat. [a
                  | shining eye]
  2038 | D        | Gained mutation: Your body sometimes deteriorates upon
                  | taking damage. [a shining eye]
  2039 | D        | Reached skill level 18 in Axes
  2039 | D        | Killed a shining eye
  2040 | D        | Reached skill level 15 in Armour
  2040 | D        | Killed a shining eye
  2041 | D        | Killed a shining eye
  2041 | D        | Killed a shining eye
  2043 | D        | Killed a shining eye
  2043 | D        | Identified the +9 executioner's axe of Fortitude
                  | {antimagic, Drain Will+ rCorr} (Trog gifted it to you in
                  | the Dungeon)
  2043 | D        | Received a gift from Trog
  2044 | D        | Reached XP level 11. HP: 108/108 MP: 8/8
  2045 | D        | Gained mutation: You are clumsy. (Dex -2) [a shining eye]
  2046 | D        | Killed a shining eye
  2047 | D        | Reached skill level 19 in Axes
  2048 | D        | Noticed a shining eye
  2048 | D        | Noticed a shining eye
  2050 | D        | Gained mutation: You are very clumsy. (Dex -4) [a shining
                  | eye]
  2051 | D        | Gained mutation: Armour fits poorly on your strangely
                  | shaped body. [a shining eye]
  2052 | D        | Gained mutation: You do not regenerate when monsters are
                  | visible. [a shining eye]
  2056 | D        | Killed a shining eye
  2060 | D        | Killed a shining eye
  2067 | D        | Found Tupuoss's Weapon Shop.
  2067 | D        | Found Qucwigab's Distillery.
  2067 | D        | Found Baacwuhe's Weapon Boutique.
  2067 | D        | Found Odugge's General Store.
  2136 | D        | Reached skill level 20 in Axes
  2154 | D        | Noticed a lindwurm
  2160 | D        | Killed a lindwurm
  2176 | D        | Received a gift from Trog
  2189 | D        | Reached skill level 21 in Axes
  2192 | D        | Received a gift from Trog
  2207 | D        | Noticed a 12-headed hydra
  2209 | D        | Paralysed by a floating eye for 3 turns
  2212 | D        | HP: 8/166 [13-headed hydra (13)]
  2212 | D        | Slain by a 13-headed hydra

Illustrated notes

Levels and vault maps discovered:
D:        dungeon_sprint_1 [red_sonja_temple_1, red_sonja_temple_small_1]

Skill      XL: |  1  2  3  4  5  6  7  8  9 10 11 |
---------------+----------------------------------+-----
Fighting       | 5 7 10 11 13 15 16 18 19 | 19.9
Axes           | 5 7 10 12 13 15 17 18 21 | 21.3
Armour         | 3 4 5 6 8 10 13 16 17 | 17.2
Dodging        | 3 4 5 6 7 8 |  8.6
Stealth        | 1 |  1.8

Action                   |  1- 3 |  4- 6 |  7- 9 | 10-12 || total
-------------------------+-------+-------+-------+-------++-------
Melee: Hand axe          |     5 |    20 |    67 |    28 ||   120
       Headbutt          |     2 |     4 |    17 |    20 ||    43
       Battleaxe         |       |       |       |    27 ||    27
       Executioner's axe |       |       |       |    47 ||    47
Invok: Berserk           |     2 |     3 |     4 |     4 ||    13
  Use: Potion            |       |       |     3 |     1 ||     4
Armor: Chain mail        |       |     8 |    16 |       ||    24
       Plate armour      |       |       |    16 |    60 ||    76
Dodge: Dodged            |     1 |     3 |    27 |    64 ||    95
